 Dungeon Crawl Stone Soup version 0.30-a0-1123-gabc949cf19 (webtiles) character file.

Game seed: 7409756388277469549

25 avis the Insei (level 2, 0/24 HPs)
             Began as a Demigod Transmuter on Apr 22, 2023.
             Killed by nerve-wracking pain
             ... invoked by Jessica
              (12 damage)
             ... on level 2 of the Dungeon.
             The game lasted 00:05:24 (1156 turns).

avis the Insei (Demigod Transmuter)                 Turns: 1156, Time: 00:05:38

Health: 0/24       AC:  2    Str: 11    XL:     2   Next: 66%
Magic:  6/7        EV: 12    Int: 15    God:
Gold:   50         SH:  0    Dex: 20    Spells: 3/4 levels left

rFire   . .          .
                       - Unarmed
rCold   . . .        (no shield)
rNeg    . . .        a - +0 robe
rPois   .            (helmet currently unavailable)
rElec   .            (no cloak)
rCorr   +            (no gloves)
SInv    .            (boots currently unavailable)
Will    .....        (no amulet)
Stlth   ++           i - ring of resist corrosion
HPRegen 0.24/turn    m - +6 ring of dexterity
MPRegen 0.10/turn

%: no passive effects
@: appendages (expiring)
A: horns 2, talons 2, high MP 1, forlorn, divine attributes
a: End Transformation


You were on level 2 of the Dungeon.
You had temporarily grown beastly horns and talons.
You visited 1 branch of the dungeon, and saw 2 of its levels.

You collected 50 gold pieces.

Inventory:

Missiles
 j - 7 stones
Armour
 a - a +0 robe (worn)
Jewellery
 i - a ring of resist corrosion (left hand)
 m - a +6 ring of dexterity (right hand)
Scrolls
 d - a scroll of fog {unknown}
 e - a scroll of fear {unknown}
 g - 2 scrolls of immolation {unknown}
 h - a scroll of teleportation {unknown}
 l - 2 scrolls of identify {unknown}
Potions
 b - a potion of lignification
 c - a potion of curing {unknown}
 f - a potion of heal wounds {unknown}
 k - a potion of attraction {unknown}


   Skills:
 - Level 2.0 Fighting
 - Level 2.0 Dodging
 * Level 0.6 Stealth
 - Level 3.0 Unarmed Combat
 - Level 1.7 Spellcasting
 - Level 1.7 Transmutations


You had 3 spell levels left.
You knew the following spells:

 Your Spells              Type           Power      Damage    Failure   Level
a - Beastly Appendage     Tmut           12%        N/A       11%         1

Your spell library contained the following spells:

 Spells                   Type           Power      Damage    Failure   Level
 Wereblood                Tmut           6%         N/A       17%         2
 Spider Form              Tmut/Pois      3%         N/A       43%         3
 Ice Form                 Ice/Tmut       3%         N/A       85%         4
 Anguish                  Hex/Necr       0%         N/A       92%         4
 Enfeeble                 Hex            0%         N/A       100%        7


Dungeon Overview and Level Annotations

Branches:
Dungeon (2/15)

Annotations:
D:2 Jessica


Innate Abilities, Weirdness & Mutations

You have temporarily grown beastly horns and talons.
You have an increased reservoir of magic. (+10% MP)
You shall have no god before yourself.
Your divine heritage dramatically boosts your attributes as you level up.


Message History

Your transformation is almost over.
l - a scroll labelled WINUS QOTO You pick up a book of Maledictions and begin reading...
You add the spells Anguish and Enfeeble to your library.
You now have 50 gold pieces (gained 10).
Your horns disappear.
Your talons disappear.
There is a stone staircase leading down here.
l - 2 scrolls labelled WINUS QOTO (gained 1) Jessica the Apprentice Sorceress comes into view.
She is wielding a +0 club.
You see here a +6 ring of dexterity.
m - a +6 ring of dexterity You feel agile.
m - a +6 ring of dexterity (right hand)
Found 5 stones.
Casting: Beastly Appendage (safe; 11% risk of failure)
Confirm with . or Enter, or press ? or * to list all spells.
You miscast Beastly Appendage.
You are very lightly contaminated with residual magic.
Nothing appears to happen.
Casting: Beastly Appendage (safe; 11% risk of failure)
Confirm with . or Enter, or press ? or * to list all spells.
You grow a pair of large bovine horns.
Your feet morph into talons.
Jessica shouts!
Jessica hits you with a +0 club.
You hit Jessica but do no damage. Jessica closely misses you.
You closely miss Jessica. Jessica barely misses you.
You closely miss Jessica. You headbutt Jessica.
Jessica is moderately wounded.
Jessica hits you with a +0 club.
Your magical contamination has completely faded away.
You barely miss Jessica.
Jessica is moderately wounded.
Jessica hits you with a +0 club.
You hit Jessica but do no damage.
Jessica is moderately wounded.
Your transformation is almost over.
Jessica gestures at you while chanting. Pain shoots through your body!
Ouch! That really hurt!
You die...

....(...#.#
#.....?....#.###
#..........#...#
#..........###.##
#..........# #..######
#..........# ##.......
#..........##########.
#.....................
#.@@.####.##########
#.##.####.#
#.##.#....#
#....#.#### #..###.#
#(.# #.# #..# #.#
#..###.# #......#


You could see Jessica.

Vanquished Creatures
  2 bats (D:1)
  An endoplasm (D:1)
  2 goblins
  A hobgoblin (D:1)
  2 jackals (D:1)
  5 kobolds
  2 quokkas (D:1)
  2 ball pythons (D:1)
  4 frilled lizards (D:1)
  3 rats (D:1)
24 creatures vanquished.

Notes
Turn   | Place    | Note
-------+----------+-------------------------------------------
     0 | D:1      | avis the Demigod Transmuter began the quest for the Orb.
     0 | D:1      | Reached XP level 1. HP: 15/15 MP: 5/5
    30 | D:1      | Reached skill level 1 in Fighting
   271 | D:1      | Reached XP level 2. HP: 24/24 MP: 7/7
   403 | D:1      | Reached skill level 3 in Unarmed Combat
  1101 | D:2      | Noticed Jessica
  1156 | D:2      | Killed from afar by Jessica

Illustrated notes

Levels and vault maps discovered:
D:1:      saegor_arrival_simple_b, layout_basic, basic_ecumenical_altar
D:2:      layout_basic, uniq_jessica

Skill      XL: |  1  2 |
---------------+-------+-----
Fighting       | 2 |  2.0
Unarmed Combat | 3 |  3.0
Dodging        | 2 |  2.0
Stealth        | |  0.6
Spellcasting   | |  1.7
Transmutations | |  1.7

Action                     || total
---------------------------++-------
  Melee: Unarmed           ||    48
         Kick              ||    14
         Headbutt          ||     6
   Cast: Beastly Appendage ||    21
 Armour: Robe              ||     6
  Dodge: Dodged            ||    14

Table legend: (Time is in decaauts)
 A = Elapsed time spent in this place.
 B = Non-inter-level travel time spent in this place.
 C = Inter-level travel time spent in this place.
 D = Time resting spent in this place.
 E = Time spent auto-exploring this place.
 F = Levels seen in this place.
 G = Mean time per level.
                   A        B        C        D        E       F      G
               +--------+--------+--------+--------+--------+-----+--------+
         Total |   1152 |   1094 |     58 |     17 |    759 |   2 |  576.0 |
       Dungeon |   1152 |   1094 |     58 |     17 |    759 |   2 |  576.0 |
               +--------+--------+--------+--------+--------+-----+--------+

Top non-repeatable levels by time:
     D:1: 1015 daAuts
     D:2: 137 daAuts
